 Dungeon Crawl Stone Soup version 0.18-a0-845-gc59c8fa (webtiles) character file.

315057 Proton the Wrestler (level 21, -15/117 HPs)
             Began as a Vine Stalker Monk on Dec 20, 2015.
             Was the Champion of Ru.
             Killed from afar by Jory (77 damage)
             ... with a crystal spear
             ... on level 4 of the Vaults.
             The game lasted 02:02:27 (36263 turns).

Proton the Wrestler (Vine Stalker Monk)            Turns: 36263, Time: 02:02:27

Health: -15/117    AC: 18    Str: 26      XL:     21   Next: 37%
Magic:  0/17       EV: 27    Int:  8      God:    Ru [******]
Gold:   2527       SH:  5    Dex: 21 (22) Spells: 1 memorised, 11 levels left

rFire  + + .     SeeInvis .       - Unarmed
rCold  + + .     Gourm    .     R - +0 ring mail "Kuuhuph" {rC+ Str+3 Dex+4}
rNeg   . . .     Faith    .     (no shield)
rPois  +         Spirit   +     T - +0 helmet
rElec  +         Dismiss  .     n - +2 cloak
rCorr  .         Reflect  +     I - +2 pair of gloves of the Fiend {rElec rF+ rC- MR++}
SustAt .         Harm     .     z - +0 pair of boots
MR     ++++.                    A - amulet of Cab Its {Reflect rPois rF+ SH+5}
Stlth  ..........               G - +3 ring of evasion
                                t - ring of protection from cold

@: no potions, drained, incredibly resistant to hostile enchantments, extremely
unstealthy
A: fangs 3, blurry vision 1, cold resistance 1, deterioration 1, dopey 1, low mp
2, mutation resistance 1, regeneration 3, screaming 1, magic shield, antimagic
bite, no device heal 3, rot immunity, inability to drink while threatened, no
stealth, inability to use devices, hated by all, no charms magic, no earth
magic, no necromancy magic, MP-powered wands
a: Draw Out Power, Power Leap, Apocalypse, Renounce Religion
}: 2/15 runes: decaying, serpentine


You were on level 4 of the Vaults.
You worshipped Ru.
Ru was exalted by your worship.
You were not hungry.

You visited 6 branches of the dungeon, and saw 37 of its levels.
You visited the Abyss 1 time.
You visited 2 bazaars.
You also visited: Labyrinth.

You collected 4044 gold pieces.
You spent 1517 gold pieces at shops.

Inventory:

Armour
 n - a +2 cloak (worn)
 z - a +0 pair of boots (worn)
 I - the +2 pair of gloves of the Fiend (worn) {rElec rF+ rC- MR++}
   (You bought it in a shop on level 2 of the Snake Pit)

   It protects you from fire.
   It makes you vulnerable to cold.
   It insulates you from electricity.
   It affects your resistance to hostile enchantments.
 K - the +1 robe of the Blessed Realm {rElec rF+ rCorr Int-4}
   (You bought it in a shop in a bazaar)

   It affects your intelligence (-4).
   It protects you from fire.
   It insulates you from electricity.
   It protects you from acid and corrosion.
 R - the +0 ring mail "Kuuhuph" (worn) {rC+ Str+3 Dex+4}
   (You found it in a labyrinth)

   It affects your strength (+3).
   It affects your dexterity (+4).
   It protects you from cold.
 T - a +0 helmet (worn)
Jewellery
 a - an uncursed ring of protection from cold
 e - the amulet of Ascent {rCorr *Confuse Dex+7 SInv Stlth-}
   (You found it in a labyrinth)

   [amulet of resist corrosion]

   It protects you from acid and corrosion.
   It affects your dexterity (+7).
   It lets you see invisible.
   It may confuse you when you take damage.
   It makes you less stealthy.
 t - a ring of protection from cold (left hand)
 A - the amulet of Cab Its (around neck) {Reflect rPois rF+ SH+5}
   (You found it on level 7 of the Dungeon)

   [amulet of reflection]

   It shields you and reflects attacks.
   It protects you from fire.
   It protects you from poison.
   It affects your SH (+5).
 G - a +3 ring of evasion (right hand)
 H - an uncursed amulet of regeneration {unknown}
 L - an uncursed ring of protection from magic
Scrolls
 c - 7 scrolls of magic mapping
 f - 7 scrolls of teleportation
 g - 3 scrolls of noise
 j - 10 scrolls of blinking
 k - 6 scrolls of immolation
 l - a scroll of vulnerability {unknown}
 m - 6 scrolls of enchant weapon
 p - 11 scrolls of amnesia
 v - 8 scrolls of remove curse
 x - 5 scrolls of fear
 y - a scroll of brand weapon
 C - 5 scrolls of enchant armour
 E - 7 scrolls of fog
 F - 11 scrolls of identify
 N - a scroll of holy word
Potions
 d - 3 potions of might
 h - 6 potions of cure mutation
 i - 3 potions of cancellation
 q - 4 potions of haste
 r - 8 potions of heal wounds
 s - 17 potions of curing
 u - 2 potions of invisibility
 w - 2 potions of lignification
 B - 3 potions of brilliance
 D - 4 potions of flight
 M - 3 potions of berserk rage
 P - 2 potions of ambrosia
 U - 3 potions of magic
 W - 2 potions of agility
Comestibles
 b - 12 bread rations
 o - 39 fruits
 J - 24 royal jellies
 O - a slice of pizza
 Q - a beef jerky
 V - a meat ration


   Skills:
 + Level 15.1(14.3) Fighting
 + Level 14.5(13.7) Armour
 + Level 14.6(13.8) Dodging
 * Level 22.1(21.2) Unarmed Combat


You had 11 spell levels left.
You knew the following spells:

 Your Spells              Type           Power        Failure   Level  Hunger
a - Tornado               Air            #.........   100%        9    #######


Dungeon Overview and Level Annotations

Branches:
Dungeon (15/15)            Temple (0/1) D:7            Lair (8/8) D:8
  Swamp (4/4) Lair:6        Snake (4/4) Lair:5        Slime (0/6) Lair:6
    Orc (2/2) D:12            Elf (0/3) Orc:2        Vaults (4/5) D:13
  Crypt (0/3) Vaults:2     Depths (0/5) D:15

Altars:
Ashenzari
Cheibriados
Elyvilon
Fedhas
Kikubaaqudgha
Makhleb
Nemelex Xobeh
Okawaru
Pakellas
Ru
Sif Muna
Vehumet
Xom
Yredelemnul
Zin
Beogh

Shops:
D:12 :   Orc:2 :}**   Snake:2 :[[[(   Snake:3 (

Annotations:
D:3 1 runed door
D:4 Proton's ghost, novice VSMo
Lair:2 exclusion: oklob plant
Lair:5 4 exclusions
Vaults:4 Jory


Innate Abilities, Weirdness & Mutations

You have razor-sharp teeth.
You regenerate.
When hurt, damage is shared between your health and your magic reserves.
Your bite disrupts and absorbs the magic of your enemies.
Potions and wands cannot restore your health.
You are immune to rotting.
You cannot drink potions while threatened.
You cannot be stealthy.
You cannot study or use magical devices.
You are hated by all.
You cannot study or cast Charms magic.
You cannot study or cast Earth magic.
You cannot study or cast Necromancy magic.
Scrolls take you a little longer to read.
Your flesh is cold resistant.
Your body sometimes deteriorates upon taking damage.
You are dopey. (Int -2)
Your magical capacity is very low (-20% MP).
You are somewhat resistant to further mutation.
You occasionally shout uncontrollably at your foes.
You expend magic power (3 MP) to strengthen your wands.


Message History

Jory is severely damaged.
You closely miss Jory. Your bite misses Jory.
Jory is severely damaged.
Jory hits you with a war axe of draining!
You feel threatened and lose the ability to drink potions!
You feel drained. Jory bites you but does no damage.
You closely miss Jory. Your punch misses Jory. You bite Jory!
Jory's magic leaks into the air.
You drain his magic.
You feel invigorated.
Jory is severely damaged.
You hit Jory but do no damage. You bite Jory, but do no damage.
Jory is severely damaged.
Jory drinks a potion.
Jory is healed!
You punch Jory! You punch Jory, but do no damage. Your bite misses Jory.
Jory is severely damaged.
You hit Jory but do no damage. You bite Jory, but do no damage.
Jory is severely damaged.
Jory gestures at you while chanting. The crystal spear hits you!
Ouch! That really hurt!
You die...

#.....# #........#
#.....# #........#
#.....# #........#
#.....######'#######
#.....(.........#
#.....#.........#
#....(#.........#
#..[..#.........#
#...)@#.........#
#....V#.........#
#.....#.........#
#....?#.........#
#.....# #.....#
+.....# #.....#


You could see Jory.

Vanquished Creatures
  Boris (Vaults:3)
  Jorgrun (Swamp:4)
  A lich (Vaults:2)
  6 thorn hunters
  A tengu reaver (Vaults:3)
  7 greater nagas (Snake:4)
  A frost giant (Vaults:3)
  Donald (Snake:1)
  Aizul (Snake:2)
  7 vault wardens
  A deep elf sorcerer (Vaults:1)
  A very ugly thing (Vaults:3)
  18 ironheart preservers
  3 stone giants
  A deep elf demonologist (Vaults:1)
  Azrael (D:14)
  An ettin (D:15)
  9 vault guards
  A deep elf death mage (Vaults:1)
  The ghost of Yendor the Basher, a journeyman TrFi of Okawaru (D:11)
  A minotaur (Lab)
  Josephine (Swamp:1)
  3 yaktaur captains
  2 fire dragons
  Erolcha (D:9)
  A great orb of eyes (Vaults:4)
  A rakshasa (Vaults:2)
  An ice dragon (Lair:4)
  Fannar (Lair:2)
  8 naga warriors
  A ghost crab (Swamp:2)
  26 hydras
  21 anacondas
  12 alligators
  Erica (D:10)
  9 centaur warriors
  16 ogre magi
  A dancing weapon (Vaults:3)
  6 naga sharpshooters
  2 deep troll shamans (Vaults:1)
  An orc high priest (Orc:1)
  A deep troll earth mage (Vaults:1)
  5 death yaks (Lair:8)
  9 shock serpents
  A fire crab (Vaults:3)
  Sonja (Lair:2)
  2 deep elf knights
  8 skeletal warriors
  2 sea snakes
  6 deep trolls
  5 naga ritualists
  6 ironbrand convokers
  A flayed ghost (Vaults:4)
  3 shambling mangroves
  4 salamander mystics (Snake:4)
  3 spriggan druids
  2 deep elf archers
  An obsidian statue (Vaults:2)
  2 unseen horrors
  An anubis guard (shapeshifter) (Vaults:2)
  11 orc knights
  A harpy (Vaults:1)
  11 mana vipers
  8 deep elf magi
  8 hill giants
  2 lindwurms
  15 ugly things
  9 swamp dragons
  3 wolf spiders
  2 wizards
  A manticore (shapeshifter) (Vaults:3)
  An orb spider (shapeshifter) (Vaults:1)
  7 griffons
  8 cyclopes
  3 orc sorcerers (Orc:1)
  A large abomination (Abyss:1)
  4 hornets
  13 salamanders
  11 elephants
  12 guardian serpents
  A moth of wrath (shapeshifter) (D:15)
  A spiny frog (shapeshifter) (Vaults:3)
  An octopode (shapeshifter) (Vaults:4)
  Maurice (Orc:2)
  The ghost of Proton the Ruffian, a novice VSMo (D:6)
  2 gargoyles
  41 black mambas
  8 vault sentinels
  5 torpor snails (Lair:8)
  An eye of devastation (shapeshifter) (Vaults:3)
  31 spiny frogs
  21 naga magi
  12 yaktaurs
  2 komodo dragons (shapeshifter)
  A kobold demonologist (Vaults:1)
  A tengu conjurer (D:13)
  A queen bee (Orc:1)
  10 komodo dragons
  4 fire drakes
  A freezing wraith (Vaults:3)
  The ghost of Proton the Ruffian, a novice VSMo (D:7)
  32 two-headed ogres
  11 giant leeches
  10 trolls
  A tengu simulacrum (Vaults:2)
  2 polar bears
  6 boulder beetles
  A minotaur skeleton (Lab)
  26 blink frogs
  4 bog bodies
  23 slime creatures
  A fire giant simulacrum (Vaults:3)
  A trapdoor spider zombie (D:12)
  2 shadows
  3 wyverns
  19 yaks
  5 spriggans
  A tarantella (shapeshifter) (Vaults:3)
  7 wraiths
  12 hippogriffs
  A frost giant simulacrum (Vaults:2)
  A salamander simulacrum (Vaults:3)
  A trapdoor spider (D:15)
  A small abomination (Abyss:1)
  A vampire (D:13)
  2 fire elementals (D:14)
  43 vampire mosquitoes
  3 hungry ghosts
  A human (D:13)
  4 wargs
  3 mottled dragons
  16 wolves
  A soldier ant (D:9)
  57 nagas
  26 water moccasins
  32 swamp worms
  A hornet simulacrum (D:15)
  38 orc warriors
  4 hell hounds (D:14)
  16 swamp drakes
  3 ice beasts
  50 ogres
  25 wasps
  13 centaurs
  3 starcursed masses (Abyss:1)
  11 porcupines
  6 sky beasts
  2 black bears
  4 phantoms
  An ettin simulacrum (Vaults:3)
  3 big kobolds
  14 crocodiles
  19 giant frogs
  6 scorpions
  28 killer bees
  6 wights
  6 crimson imps
  A human simulacrum (Vaults:1)
  4 centaur zombies
  A giant frog zombie (D:5)
  20 jellies
  7 electric eels
  2 giant frog skeletons
  A wasp zombie (D:7)
  4 centaur skeletons
  14 orc priests
  8 iguanas
  22 orc wizards
  15 worker ants
  10 hounds
  Terence (D:2)
  12 sheep
  2 hound zombies
  A hound skeleton (D:4)
  A worker ant zombie (D:9)
  6 gnolls
  21 adders
  A shadow imp (D:11)
  14 river rats
  2 white imps (Lair:4)
  2 ufetubi (Abyss:1)
  13 oozes
  An adder skeleton (D:5)
  17 worms
  5 giant geckos
  103 orcs
  7 hobgoblins
  4 jackals (D:11)
  9 kobolds
  3 quokkas
  2 ball pythons
  5 bats
  3 giant cockroaches
  A giant cockroach zombie (D:4)
  A giant gecko skeleton (D:5)
  2 giant gecko zombies
  4 giant newts
  9 goblins
  A quokka skeleton (D:4)
  3 rats
  7 briar patches (Swamp:3)
  6 fungi
  A plant (Lair:8)
1519 creatures vanquished.

Vanquished Creatures (others)
  Asterion (Snake:2)
  A greater naga (Snake:3)
  2 anacondas (Snake:4)
  2 centaur warriors
  A naga sharpshooter (Snake:4)
  A deep troll (Orc:2)
  A swamp dragon (Swamp:2)
  A hill giant (D:11)
  2 naga magi (Snake:4)
  A black mamba (Lair:3)
  2 two-headed ogres
  A wyvern (Lair:8)
  3 nagas
  A vampire mosquito (Swamp:4)
  A wasp (Lair:6)
  4 ogres
  5 centaurs
  A giant frog (Lair:3)
  A wyvern skeleton (D:13)
  3 worms (Lair:8)
  3 orcs
  A kobold (D:13)
  A briar patch (Swamp:3)
  A bush (Lair:2)
  25 fungi
  8 plants
  10 starspawn tentacles (Abyss:1)
  123 starspawn tentacle segments (Abyss:1)
207 creatures vanquished.

Grand Total: 1726 creatures vanquished

Notes
Turn   | Place    | Note
--------------------------------------------------------------
     0 | D:1      | Proton the Vine Stalker Monk began the quest for the Orb.
     0 | D:1      | Reached XP level 1. HP: 11/11 MP: 2/2
   157 | D:1      | Reached XP level 2. HP: 8/16 MP: 3/3
   694 | D:2      | Reached XP level 3. HP: 16/20 MP: 4/4
   785 | D:2      | Noticed Terence
   814 | D:2      | Killed Terence
   963 | D:2      | Found a sparkling altar of Nemelex Xobeh.
   999 | D:2      | Reached XP level 4. HP: 24/24 MP: 5/5
  1097 | D:2      | Reached skill level 1 in Armour
  1450 | D:3      | Reached skill level 5 in Unarmed Combat
  1476 | D:3      | Found a burning altar of Makhleb.
  1560 | D:3      | Found a glowing silver altar of Zin.
  1561 | D:3      | Found a runed door.
  1561 | D:3      | Noticed an angel
  1693 | D:3      | Reached XP level 5. HP: 25/28 MP: 6/6
  2105 | D:4      | Noticed Proton's ghost (novice VSMo)
  2110 | D:5      | Entered Level 5 of the Dungeon
  2220 | D:5      | Gained mutation: You heal very quickly. [Vine Stalker growth]
  2220 | D:5      | Reached XP level 6. HP: 10/32 MP: 5/7
  2349 | D:4      | Reached skill level 6 in Unarmed Combat
  2519 | D:4      | Reached XP level 7. HP: 33/37 MP: 8/8
  2534 | D:4      | Found a shimmering altar of Xom.
  3400 | D:5      | Reached skill level 7 in Unarmed Combat
  3491 | D:5      | Gained mutation: You have razor-sharp teeth. [Vine Stalker growth]
  3491 | D:5      | Reached XP level 8. HP: 34/42 MP: 6/9
  3787 | D:5      | Gained mutation: You occasionally shout uncontrollably at your foes. [mutagenic meat]
  3788 | D:5      | Gained mutation: Your flesh is cold resistant. [mutagenic meat]
  3790 | D:5      | Gained mutation: Your magical capacity is low (-10% MP). [mutagenic meat]
  3791 | D:5      | Gained mutation: Your flesh is heat resistant. [mutagenic meat]
  3792 | D:5      | Gained mutation: You are somewhat resistant to further mutation. [mutagenic meat]
  3943 | D:5      | Found a basalt altar of Yredelemnul.
  3945 | D:5      | Found a white marble altar of Elyvilon.
  3946 | D:5      | Found a shattered altar of Ashenzari.
  3946 | D:5      | Found a sacrificial altar of Ru.
  3961 | D:5      | Became a worshipper of Ru the Awakened
  3987 | D:5      | Gained mutation: You cannot study or use magical devices. [Ru sacrifice]
  3987 | D:5      | Reached * piety under Ru
  3987 | D:5      | Reached ** piety under Ru
  3987 | D:5      | Reached *** piety under Ru
  4103 | D:6      | Noticed Proton's ghost (novice VSMo)
  4313 | D:6      | Reached skill level 5 in Fighting
  4313 | D:6      | Reached skill level 8 in Unarmed Combat
  4466 | D:6      | Reached XP level 9. HP: 32/47 MP: 9/9
  4653 | D:6      | Reached skill level 9 in Unarmed Combat
  4731 | D:6      | Killed Proton's ghost
  4731 | D:6      | Reached skill level 5 in Dodging
  4916 | D:7      | Found a staircase to the Ecumenical Temple.
  5059 | D:7      | Got a vibrating zirconium amulet
  5061 | D:7      | Identified the amulet of Cab Its {Reflect rPois rF+ SH+5} (You found it on level 7 of the Dungeon)
  5264 | D:7      | Killed Proton's ghost
  5434 | D:7      | Found an oddly glowing altar of Pakellas.
  5435 | D:7      | Noticed a fire dragon
  5553 | D:7      | Found an ancient bone altar of Kikubaaqudgha.
  5556 | D:7      | Found a radiant altar of Vehumet.
  5559 | D:7      | Found a blossoming altar of Fedhas.
  5652 | D:8      | Reached XP level 10. HP: 53/53 MP: 10/10
  5686 | D:8      | Found a staircase to the Lair.
  5702 | D:8      | Reached skill level 10 in Unarmed Combat
  5737 | D:8      | Gained mutation: You cannot drink potions while threatened. [Ru sacrifice]
  5737 | D:8      | Reached **** piety under Ru
  5742 | D:8      | Reached skill level 5 in Armour
  6291 | D:9      | Found an iron altar of Okawaru.
  6372 | D:9      | Found a glowing silver altar of Zin.
  6434 | D:9      | Noticed a deep elf mage
  6452 | D:9      | Killed a deep elf mage
  6724 | D:9      | Reached skill level 11 in Unarmed Combat
  6837 | D:9      | Reached XP level 11. HP: 45/58 MP: 10/10
  6842 | D:9      | Noticed Erolcha
  6863 | D:9      | Killed Erolcha
  7063 | D:9      | Found a deep blue altar of Sif Muna.
  7124 | D:10     | Entered Level 10 of the Dungeon
  7124 | D:10     | Noticed Erica
  7124 | D:10     | Noticed a hill giant
  7142 | D:10     | Found an oddly glowing altar of Pakellas.
  7250 | D:10     | Killed Erica
  7403 | D:10     | HP: 2/58 [hill giant/giant club (18)]
  7408 | D:10     | Killed a hill giant
  7991 | D:11     | Reached skill level 12 in Unarmed Combat
  8229 | D:11     | Noticed Yendor's ghost (journeyman TrFi)
  8254 | D:11     | Killed Yendor's ghost
  8283 | D:11     | Found a snail-covered altar of Cheibriados.
  8303 | D:11     | Gained mutation: You are partially covered in iridescent scales (AC +4). [mutagenic meat]
  8335 | D:11     | Noticed a hill giant
  8339 | D:11     | Killed a hill giant
  8454 | D:11     | Gained mutation: You regenerate. [Vine Stalker growth]
  8454 | D:11     | Reached XP level 12. HP: 65/65 MP: 11/11
  8719 | D:12     | Found a roughly hewn altar of Beogh.
  8719 | D:12     | Found a staircase to the Orcish Mines.
  8966 | D:12     | Reached skill level 13 in Unarmed Combat
  9049 | D:12     | Found Zoqaf's Book Shop.
  9366 | D:13     | Noticed a vault guard
  9512 | D:13     | Gained mutation: You are robust (+10% HP). [mutagenic meat]
  9970 | D:13     | Killed a vault guard
  9977 | D:13     | Noticed an ogre mage
  9990 | D:13     | Killed an ogre mage
  9993 | D:13     | Noticed a vault guard
 10022 | D:13     | Gained mutation: You are hated by all. [Ru sacrifice]
 10022 | D:13     | Reached ***** piety under Ru
 10189 | Lair:1   | Entered Level 1 of the Lair of Beasts
 10311 | Lair:1   | Lost mutation: Your flesh is cold resistant. [potion of mutation]
 10311 | Lair:1   | Gained mutation: You are dopey. (Int -2) [potion of mutation]
 10312 | Lair:1   | Gained mutation: You are very dopey. (Int -4) [potion of mutation]
 10312 | Lair:1   | Gained mutation: Your muscles are strong. (Str +2) [potion of mutation]
 10312 | Lair:1   | Lost mutation: Your muscles are strong. (Str +2) [potion of mutation]
 10436 | Lair:1   | Noticed a six-headed hydra
 10449 | Lair:1   | Killed a six-headed hydra
 10456 | Lair:1   | Noticed a four-headed hydra
 10473 | Lair:1   | Killed a four-headed hydra
 10672 | Lair:1   | Reached XP level 13. HP: 77/77 MP: 12/12
 10944 | Lair:2   | Reached skill level 14 in Unarmed Combat
 11050 | Lair:2   | Noticed Sonja
 11528 | Lair:2   | Noticed Fannar
 11614 | Lair:2   | Cast into level 1 of the Abyss (Sonja)
 11614 | Abyss:1  | Found a corrupted altar of Lugonu.
 11630 | Abyss:1  | Gained mutation: You cannot study or cast Earth magic. [Ru sacrifice]
 11630 | Abyss:1  | Gained mutation: You cannot study or cast Necromancy magic. [Ru sacrifice]
 11630 | Abyss:1  | Gained mutation: You cannot study or cast Charms magic. [Ru sacrifice]
 11654 | Abyss:1  | Found an ancient bone altar of Kikubaaqudgha.
 11671 | Abyss:1  | Noticed a tentacled starspawn
 11754 | Abyss:1  | Noticed a tentacled starspawn
 11774 | Abyss:1  | Noticed an ophan
 11818 | Abyss:1  | Noticed a lich
 11996 | Abyss:1  | Noticed a starcursed mass
 12054 | Lair:2   | Escaped the Abyss
 12055 | Lair:2   | Killed Sonja
 12104 | Lair:2   | Killed Fannar
 12369 | Lair:2   | Reached XP level 14. HP: 79/83 MP: 13/13
 12556 | Lair:3   | Found a labyrinth entrance.
 12565 | Lab      | Entered a labyrinth
 13094 | Lab      | Got a shimmering diamond amulet
 13103 | Lab      | Got an ichor-stained ring mail
 13224 | Lair:3   | Reached skill level 10 in Dodging
 13275 | Lair:3   | Identified the +0 ring mail "Kuuhuph" {rC+ Str+3 Dex+4} (You found it in a labyrinth)
 13291 | Lair:3   | Identified the amulet of Ascent {rCorr *Confuse Dex+7 SInv Stlth-} (You found it in a labyrinth)
 13539 | Lair:3   | Reached skill level 10 in Fighting
 14301 | Lair:4   | Reached skill level 15 in Unarmed Combat
 15397 | Lair:5   | Found a staircase to the Snake Pit.
 15548 | Lair:5   | Gained mutation: You cannot be stealthy. [Ru sacrifice]
 15548 | Lair:5   | Reached ****** piety under Ru
 16142 | Lair:5   | Reached XP level 15. HP: 86/89 MP: 14/14
 16337 | Lair:6   | Reached skill level 10 in Armour
 16844 | Lair:6   | Found a staircase to the Swamp.
 16967 | Lair:6   | Found a staircase to the Slime Pits.
 18088 | Lair:8   | Entered Level 8 of the Lair of Beasts
 18254 | Lair:8   | Reached skill level 16 in Unarmed Combat
 18546 | Lair:8   | Found a runed door.
 19055 | Lair:8   | Got a bloodstained falchion
 19075 | Lair:8   | Identified the +3 falchion "Anesur" {slice, *Rage rF+ MP+9 Str+5} (You found it on level 8 of the Lair of Beasts)
 19843 | Orc:1    | Entered Level 1 of the Orcish Mines
 20003 | Orc:1    | Reached XP level 16. HP: 84/95 MP: 12/15
 20240 | Orc:1    | You fall through a shaft!
 20240 | Orc:2    | Entered Level 2 of the Orcish Mines
 20266 | Orc:2    | Noticed Maurice
 20272 | Orc:2    | Killed Maurice
 20350 | Orc:2    | Found Leuhuddu's Gadget Shop.
 20351 | Orc:2    | Found Jauzazax's General Store.
 20382 | Orc:2    | Found Qus Utwo's Book Shoppe.
 20429 | Orc:2    | Found Joroec's General Store.
 20502 | Orc:2    | Bought a scroll of teleportation for 39 gold pieces
 20502 | Orc:2    | Bought a scroll of remove curse for 39 gold pieces
 20513 | Orc:2    | Bought a potion of mutation for 27 gold pieces
 20564 | Orc:2    | Found a staircase to the Elven Halls.
 20575 | Orc:2    | Reached skill level 17 in Unarmed Combat
 20639 | Orc:2    | Found a burning altar of Makhleb.
 21345 | D:13     | Found a gate to the Vaults.
 21591 | D:14     | Noticed Azrael
 21610 | D:14     | Killed Azrael
 21814 | D:14     | Found a portal to a secret trove of treasure.
 22135 | D:15     | Entered Level 15 of the Dungeon
 22321 | D:15     | Found a staircase to the Depths.
 22583 | D:15     | Got a smelly chain mail
 22594 | D:15     | Identified the cursed +0 chain mail of the World {Dex+5} (You found it on level 15 of the Dungeon)
 23164 | Swamp:1  | Entered Level 1 of the Swamp
 23344 | Swamp:1  | Noticed a thorn hunter
 23354 | Swamp:1  | Killed a thorn hunter
 23613 | Swamp:1  | Noticed Josephine
 23620 | Swamp:1  | Killed Josephine
 24070 | Swamp:2  | Reached XP level 17. HP: 102/102 MP: 16/16
 24283 | Swamp:2  | Reached skill level 18 in Unarmed Combat
 25557 | Swamp:4  | Entered Level 4 of the Swamp
 25952 | Swamp:4  | Noticed Jorgrun
 25972 | Swamp:4  | Killed Jorgrun
 26393 | Swamp:4  | Got a decaying rune of Zot
 26619 | Lair:5   | Reached skill level 19 in Unarmed Combat
 26620 | Lair:5   | Lost mutation: You are robust (+10% HP). [potion of mutation]
 26620 | Lair:5   | Gained mutation: Your flesh is cold resistant. [potion of mutation]
 26625 | Snake:1  | Entered Level 1 of the Snake Pit
 26653 | Snake:1  | Reached XP level 18. HP: 99/99 MP: 17/17
 26705 | Snake:1  | Noticed Donald
 26719 | Snake:1  | Killed Donald
 27594 | Snake:2  | Noticed Asterion
 27619 | Snake:2  | Killed Asterion
 27660 | Snake:2  | Found Tiptulu's Armour Shoppe.
 27665 | Snake:2  | Found Siffyun's Book Shoppe.
 27714 | Snake:2  | Found Deyweo's Armour Shop.
 27862 | Snake:2  | Found Xots's Weapon Shop.
 27958 | Snake:2  | Found Wooluh's Armour Shoppe.
 27963 | Snake:2  | Bought the +2 pair of gloves of the Fiend {rElec rF+ rC- MR++} for 627 gold pieces
 28004 | Snake:2  | Noticed Aizul
 28010 | Snake:2  | Killed Aizul
 28429 | Snake:3  | Found Apuvue's Antique Weapon Boutique.
 28430 | Snake:3  | Got a steaming spear
 28472 | Snake:3  | Identified the +4 spear of Income {freeze, MP+9} (You found it on level 3 of the Snake Pit)
 28653 | Snake:3  | Identified a scroll of acquirement
 28655 | Snake:3  | Got an ichor-stained buckler
 28661 | Snake:3  | Identified the +1 buckler of the End {Dex+3} (You acquired it on level 3 of the Snake Pit)
 28826 | Snake:4  | Entered Level 4 of the Snake Pit
 29279 | Snake:4  | Found a shimmering altar of Xom.
 29428 | Snake:4  | Reached XP level 19. HP: 39/105 MP: 13/18
 29635 | Snake:4  | Reached skill level 20 in Unarmed Combat
 30015 | Snake:4  | Gained mutation: You possess an exceptional clarity of mind. [mutagenic meat]
 30567 | Snake:4  | Got a serpentine rune of Zot
 31079 | Vaults:1 | Entered Level 1 of the Vaults
 31835 | Vaults:1 | Got a dazzling halberd {freeze}
 31837 | Vaults:1 | Identified the cursed +0 halberd "Imyaxzo" {freeze, rN+} (You took it off an orc on level 1 of the Vaults)
 32015 | Vaults:1 | Reached XP level 20. HP: 86/112 MP: 16/19
 32135 | Vaults:1 | Reached skill level 21 in Unarmed Combat
 32385 | Vaults:2 | Found a staircase to the Crypt.
 32894 | Vaults:2 | Found a gateway to a bazaar.
 32902 | Bazaar   | Entered a bazaar
 32906 | Bazaar   | Found Ikaukh's Magic Scroll Boutique.
 32924 | Bazaar   | Found Agiolud's Antique Armour Emporium.
 32941 | Bazaar   | Found Goeth's Book Boutique.
 32958 | Bazaar   | Found Busheo's Antique Weapon Shoppe.
 32995 | Bazaar   | Bought a twisted robe for 125 gold pieces
 32995 | Bazaar   | Bought a translucent leather armour for 154 gold pieces
 32995 | Bazaar   | Bought a glowing plate armour for 506 gold pieces
 33016 | Bazaar   | Identified the +0 leather armour of Ommish {Slay+6} (You bought it in a shop in a bazaar)
 33026 | Bazaar   | Identified the +1 robe of the Blessed Realm {rElec rF+ rCorr Int-4} (You bought it in a shop in a bazaar)
 33601 | Vaults:2 | Learned a level 9 spell: Tornado
 33825 | Vaults:2 | Lost mutation: You possess an exceptional clarity of mind. [mutagenic meat]
 33852 | Vaults:2 | Gained mutation: Scrolls take you a little longer to read. [potion of mutation]
 34387 | Vaults:3 | Gained mutation: Your body sometimes deteriorates upon taking damage. [mutagenic meat]
 34477 | Vaults:3 | Lost mutation: Your flesh is heat resistant. [mutagenic meat]
 34478 | Vaults:3 | Gained mutation: Your magical capacity is very low (-20% MP). [mutagenic meat]
 34711 | Vaults:3 | Found a flickering gateway to a bazaar.
 34720 | Bazaar   | Entered a bazaar
 34720 | Bazaar   | Found Giymidd's General Store.
 34720 | Bazaar   | Found Qeanucs's Book Shop.
 34722 | Bazaar   | Found Gesytag's Gadget Shoppe.
 34740 | Bazaar   | Found Qipsaff's Gadget Shop.
 34780 | Bazaar   | Found Loifuav's Food Shop.
 34972 | Vaults:3 | Reached XP level 21. HP: 116/116 MP: 17/17
 35012 | Vaults:3 | Lost mutation: You are partially covered in iridescent scales (AC +4). [mutagenic meat]
 35013 | Vaults:3 | Gained mutation: You expend magic power (3 MP) to strengthen your wands. [mutagenic meat]
 35015 | Vaults:3 | Lost mutation: You are very dopey. (Int -4) [mutagenic meat]
 35043 | Vaults:3 | Reached skill level 15 in Fighting
 35671 | Vaults:3 | HP: 3/117 [vault warden/glaive (43)]
 35838 | Vaults:3 | Noticed Boris
 35857 | Vaults:3 | Killed Boris
 35857 | Vaults:3 | Reached skill level 22 in Unarmed Combat
 36239 | Vaults:4 | Noticed Jory
 36263 | Vaults:4 | Killed from afar by Jory

Vault maps used:
D:1:      eino_arrival_cavern_b
D:2:      nemelex_altar_shiori, nicolae_overflow_hidden_temple, uniq_terence
D:3:      old_standard_altar, lemuel_angel_altar
D:4:      xom_teletrap_fun
D:5:      grunt_temple_overflow_open, first_bread, st_stairs_5
D:7:      grunt_temple_overflow_diamond, temple_pool_b,
          gammafunk_pakellas_cloud_experiment
D:8:      minmay_lair_entry_lava
D:9:      kennysheep_little_box, okawaru_metal_pillars_1_2, marbit_many_paths,
          uniq_erolcha
D:10:     basic_altar, uniq_erica
D:11:     basic_altar, hangedman_pestilent_swarm
D:12:     david_orc_5, serial_shops, nicolae_shop_behind_doors
D:13:     grunt_vaults_entry_fortified
D:14:     nicolae_trove_entry_crossroad, patterned_corridor, uniq_azrael
D:15:     hangedman_depths_entry_civil_slaughter, minmay_misc_feat_enclosed
Lair:1:   serial_bayou, serial_bayou_crossing, serial_bayou_pond_d,
          serial_bayou_lagoon_a, serial_bayou_lagoon_b, serial_bayou_ford_a,
          serial_bayou_pond_e
Lair:2:   lemuel_slime, st_stairs_9, serial_bayou_shore_b, uniq_sonja,
          uniq_fannar
Lair:3:   nicolae_volcano_entry_two_sided, lab_entry_generic,
          grunt_forest_large_clearings
Lair:4:   bobbens_ice_dragon_lair, lemuel_fruit_fields
Lair:5:   guppyfry_snake_entry_garden, st_stairs_11, minmay_lindwurm_lava
Lair:6:   nicolae_swamp_entry_splash_gauntlet, minmay_slime_entry_jelly_boxes
Lair:8:   wormcave, hangedman_lair_tendril_chambers
Swamp:1:  evilmike_swamp_ruin_wall, uniq_josephine
Swamp:2:  serial_swamp_ruin, hangedman_swamp_ruin_wall,
          evilmike_swamp_ruin_rubble_2, evilmike_swamp_ruin_house_2
Swamp:3:  evilmike_swamp_ruin_rubble_1, swamp_pool4, statue_in_the_mist_lemuel
Swamp:4:  swamp, uniq_jorgrun
Snake:1:  serial_bayou_shore_a, uniq_donald
Snake:2:  serial_shops, shop, nicolae_shop_stone, shop_coins, shop, shop,
          serial_bayou_pond_c, spider_trap, basic_stair_grate_trap,
          serial_bayou_shore_b, uniq_aizul, uniq_asterion
Snake:3:  serial_shops, shop, st_stairs_12, spider_trap, serial_bayou_shore_b
Snake:4:  grunt_snake_rune_serpentine_throne, basic_altar, guppyfry_library_mini
Orc:1:    special_room
Orc:2:    st_orc_open, basic_altar, uniq_maurice
Vaults:1: v_rooms_3, nicolae_vaults_diagonal_hallway_7, v_pattern_2,
          vaults_room_fancy_cross, hangedman_vaults_pinch,
          vaults_standard_mumra_lines, nicolae_vaults_alarming,
          vaults_mumra_minichess_inversion, ontoclasm_vaults_shuriken,
          grunt_vaults_hallway_long
Vaults:2: grunt_vaults_swirl, vaults_mumra_hexcomb,
          vaults_standard_mumra_enter_the_diamond, v_pattern_3,
          grunt_vaults_twisty, nicolae_vaults_little_squares_4,
          minmay_crypt_entry_nasty_monster, nicolae_vaults_theta, serial_shops,
          statue_bzr
Vaults:3: v_misc_29, nicolae_vaults_ninety_degrees, ontoclasm_vaults_chip,
          st_octagons_1, hangedman_vaults_capsules, vaults_room_corners,
          nicolae_vaults_three_branches, ontoclasm_vaults_claustrophobia,
          v_misc_19, serial_shops, bzr_entry_dummy, uniq_boris
Vaults:4: st_lines, v_alt_pattern_2, grunt_vaults_bifocal, v_rooms_6,
          nicolae_vaults_yaktaur_gun_rack, v_misc_17,
          nicolae_vaults_little_squares_5, v_misc_28, v_misc_29,
          vaults_mumra_chevron_long, v_misc_28, vaults_room_semicircle,
          uniq_jory
Abyss:1:  minivault_11
Lab:      lab_statue
Bazaar:   bazaar_jpeg_circle_common, bazaar_kb_twisted_cavern

Action                   |  1- 3 |  4- 6 |  7- 9 | 10-12 | 13-15 | 16-18 | 19-21 || total
-------------------------+-------+-------+-------+-------+-------+-------+-------++-------
Melee: Unarmed           |    88 |   174 |   461 |   799 |  1292 |  1553 |  1361 ||  5728
Invok: Sacrifice Artific |       |       |     1 |       |       |       |       ||     1
       Draw Out Power    |       |       |       |     3 |     2 |     6 |     7 ||    18
       Sacrifice Drink   |       |       |       |     1 |       |       |       ||     1
       Reject Sacrifices |       |       |       |     1 |     1 |       |       ||     2
       Power Leap        |       |       |       |     6 |    12 |    11 |     1 ||    30
       Sacrifice Love    |       |       |       |     1 |       |       |       ||     1
       Sacrifice Arcana  |       |       |       |       |     1 |       |       ||     1
       Sacrifice Stealth |       |       |       |       |     1 |       |       ||     1
       Apocalypse        |       |       |       |       |       |     1 |     2 ||     3
  Use: Scroll            |       |       |       |     8 |    32 |     5 |     7 ||    52
       Potion            |       |       |       |     2 |     1 |     2 |     1 ||     6
 Stab: Sleeping          |     4 |       |       |       |     1 |       |       ||     5
       Invisible         |       |       |     1 |    14 |    20 |    27 |    24 ||    86
       Distracted        |       |       |     1 |     8 |     9 |    14 |     7 ||    39
       Paralysed         |       |       |       |     2 |    14 |    21 |    10 ||    47
       Confused          |       |       |       |       |       |     1 |       ||     1
  Eat: Meat ration       |       |     1 |     2 |     2 |     5 |     6 |     5 ||    21
       Pizza             |       |       |     1 |       |     1 |     1 |     2 ||     5
       Chunk             |       |       |     6 |    13 |     4 |     6 |    36 ||    65
       Royal jelly       |       |       |     1 |       |       |       |       ||     1
       Beef jerky        |       |       |       |     1 |     3 |     1 |       ||     5
       Bread ration      |       |       |       |     1 |       |       |       ||     1
